 Dungeon Crawl Stone Soup version 0.29-a0-451-gfbfa42419e (webtiles) character file.

Game seed: 8403177707202214923

95 jfcaron the Grave Robber (level 4, -1/32 HPs)
             Began as a Gnoll Necromancer on May 20, 2022.
             Slain by an orc
             ... wielding a +0 hand axe
              (3 damage)
             ... on level 3 of the Dungeon.
             The game lasted 00:07:27 (2235 turns).

jfcaron the Grave Robber (Gnoll Necromancer)        Turns: 2235, Time: 00:07:28

Health: -1/32      AC:  2    Str:  8    XL:     4   Next: 65%
Magic:  1/11       EV: 13    Int: 16    God:
Gold:   153        SH:  0    Dex: 12    Spells: 5/13 levels left

rFire   . . .      SeeInvis .   t - staff of death
rCold   . . .      Faith    .   (no shield)
rNeg    + . .      Spirit   .   d - +0 robe
rPois   .          Reflect  .   (no helmet)
rElec   .          Harm     .   (no cloak)
rCorr   .          Rampage  .   (no gloves)
Will    .....                   (no boots)
Stlth   ++........              (no amulet)
HPRegen 0.10/turn               (no ring)
MPRegen 0.12/turn               (no ring)

@: about to teleport, animating dead
A: fangs 1, strong nose, distributed training
a: no special abilities


You were on level 3 of the Dungeon.
You visited 1 branch of the dungeon, and saw 3 of its levels.

You collected 153 gold pieces.

Inventory:

Hand Weapons
 a - a +0 dagger
 b - a +0 hunting sling
Missiles
 o - 102 stones
Armour
 d - a +0 robe (worn)
 s - a +0 scale mail
 x - a +0 ring mail
Magical Staves
 t - a staff of death (weapon)
Jewellery
 n - an amulet of guardian spirit
Scrolls
 c - a scroll of immolation {unknown}
 e - 2 scrolls of identify
 f - a scroll of teleportation
 g - a scroll of blinking {unknown}
 i - a scroll of noise {unknown}
 j - 2 scrolls of enchant weapon {unknown}
 p - a scroll of vulnerability {unknown}
 q - a scroll of summoning {unknown}
 r - a scroll of poison {unknown}
Potions
 h - a potion of magic
 k - a potion of cancellation {unknown}
 l - a potion of attraction {unknown}
 m - a potion of curing {unknown}
 u - a potion of heal wounds {unknown}
 v - a potion of brilliance {unknown}
 w - a potion of ambrosia {unknown}


   Skills:
 + Level 1.2 Fighting
 + Level 1.2 Short Blades
 + Level 1.2 Long Blades
 + Level 1.2 Axes
 + Level 1.2 Maces & Flails
 + Level 1.2 Polearms
 + Level 1.2 Staves
 + Level 1.2 Slings
 + Level 1.2 Bows
 + Level 1.2 Crossbows
 + Level 1.2 Throwing
 + Level 1.2 Armour
 + Level 4.6 Dodging
 + Level 4.3 Stealth
 + Level 1.2 Shields
 + Level 1.2 Unarmed Combat
 + Level 5.1 Spellcasting
 + Level 1.0 Conjurations
 + Level 1.0 Hexes
 + Level 1.0 Summonings
 + Level 7.1 Necromancy
 + Level 1.0 Translocations
 + Level 1.0 Transmutations
 + Level 1.0 Fire Magic
 + Level 1.0 Ice Magic
 + Level 1.0 Air Magic
 + Level 1.0 Earth Magic
 + Level 1.0 Poison Magic
 + Level 1.3 Invocations
 + Level 1.2 Evocations


You had 5 spell levels left.
You knew the following spells:

 Your Spells              Type           Power      Damage    Failure   Level
a - Necrotize             Necr           100%       1d9       1%          1
b - Vampiric Draining     Necr           40%        2d8       2%          3
c - Animate Dead          Necr           40%        N/A       8%          4

Your spell library contained the following spells:

 Spells                   Type           Power      Damage    Failure   Level
 Agony                    Necr           40%        N/A       22%         5


Dungeon Overview and Level Annotations

Branches:
Dungeon (3/15)

Altars:
Hepliaklqana


Innate Abilities, Weirdness & Mutations

You have very sharp teeth.
Your uncanny sense of smell can sniff out nearby items.
Your experience applies equally to all skills.


Message History

The giant cockroach completely misses you.
The orc attacks as you move away!
The orc hits you with a +2 short sword of protection.
The giant cockroach attacks as you move away!
The giant cockroach barely misses you.
As you read the scroll labelled WECEBE NYMEIKH, it crumbles to dust.
It is a scroll of identify.
f - 2 scrolls of teleportation The orc hits you with a +0 hand axe.
The giant cockroach closely misses you.
As you read the scroll of teleportation, it crumbles to dust.
You feel strangely unstable. The giant cockroach closely misses you.
The orc hits you with a +0 hand axe.
The orc hits you with a +2 short sword of protection.
Press: ? - help, v - describe, . - travel
Here: an orc, wielding a +0 hand axe The floor.
Unknown command.
Casting: Necrotize (safe; 1% risk of failure)
Confirm with . or Enter, or press ? or * to list all spells.
Aiming: Necrotize (safe; 1% risk of failure)
Press: ? - help, Shift-Dir - straight line, f/p - orc
Aim: an orc, wielding a +2 short sword of protection and wearing a +0 leather armour (chance to affect: 93%)
You feel a surge of power!
The orc writhes in agony.
The giant cockroach completely misses you.
The orc barely misses you.
The orc hits you with a +2 short sword of protection.
* * * LOW HITPOINT WARNING * * *
Unknown command.
Casting: Necrotize (safe; 1% risk of failure)
Confirm with . or Enter, or press ? or * to list all spells.
Aiming: Vampiric Draining (dangerous; 2% risk of failure)
Press: ? - help, Shift-Dir - straight line, f/p - orc
Aim: an orc, wielding a +2 short sword of protection and wearing a +0 leather armour (lightly wounded)
You feel a surge of power!
You draw life force from the orc.
You feel life coursing into your body.
The giant cockroach bites you but does no damage.
The orc hits you with a +2 short sword of protection!
* * * LOW HITPOINT WARNING * * *
The orc hits you with a +0 hand axe.
You die...

...# ######.. ####
#.#######....... ##...
#..........###.. ......
#####..........# #..
..(...##............).##...
......#....................
..........................#
..:)....oooo.............##
....)...oo@...........####
.........B......#....##
................##...#
.................#.#.#
######.............#.#
#..........#..#.#
#..........#....#
#..............)..#
##.........).†#..####


You could see 6 orcs and a giant cockroach.

Vanquished Creatures
  3 adders
  A worm (D:2)
  2 dart slugs
  4 orcs (D:3)
  3 ball pythons
  8 endoplasms
  6 giant cockroaches
  5 goblins
  6 hobgoblins
  2 jackals (D:1)
  3 quokkas
  4 bats
  A frilled lizard (D:2)
  A kobold (D:2)
  2 orc zombies (D:3)
  A rat (D:2)
52 creatures vanquished.

Notes
Turn   | Place    | Note
-------+----------+-------------------------------------------
     0 | D:1      | jfcaron the Gnoll Necromancer began the quest for the Orb.
     0 | D:1      | Reached XP level 1. HP: 13/13 MP: 6/6
   271 | D:1      | Reached XP level 2. HP: 19/19 MP: 5/7
  1070 | D:2      | Reached XP level 3. HP: 25/25 MP: 7/9
  1079 | D:2      | Learned a level 3 spell: Vampiric Draining
  1137 | D:2      | Reached skill level 5 in Spellcasting
  1255 | D:2      | Reached skill level 1 in Invocations
  1624 | D:2      | Reached skill level 1 in Fighting
  1624 | D:2      | Reached skill level 1 in Short Blades
  1624 | D:2      | Reached skill level 1 in Long Blades
  1624 | D:2      | Reached skill level 1 in Axes
  1624 | D:2      | Reached skill level 1 in Maces & Flails
  1624 | D:2      | Reached skill level 1 in Polearms
  1624 | D:2      | Reached skill level 1 in Staves
  1624 | D:2      | Reached skill level 1 in Slings
  1624 | D:2      | Reached skill level 1 in Bows
  1624 | D:2      | Reached skill level 1 in Crossbows
  1624 | D:2      | Reached skill level 1 in Throwing
  1624 | D:2      | Reached skill level 1 in Armour
  1624 | D:2      | Reached skill level 1 in Shields
  1624 | D:2      | Reached skill level 1 in Unarmed Combat
  1624 | D:2      | Reached skill level 1 in Evocations
  1739 | D:2      | Found a hazy altar of Hepliaklqana.
  2021 | D:3      | Reached XP level 4. HP: 32/32 MP: 8/11
  2032 | D:3      | Learned a level 4 spell: Animate Dead
  2177 | D:3      | Reached skill level 1 in Conjurations
  2177 | D:3      | Reached skill level 1 in Hexes
  2177 | D:3      | Reached skill level 1 in Summonings
  2177 | D:3      | Reached skill level 1 in Translocations
  2177 | D:3      | Reached skill level 1 in Transmutations
  2177 | D:3      | Reached skill level 1 in Fire Magic
  2177 | D:3      | Reached skill level 1 in Ice Magic
  2177 | D:3      | Reached skill level 1 in Air Magic
  2177 | D:3      | Reached skill level 1 in Earth Magic
  2177 | D:3      | Reached skill level 1 in Poison Magic
  2234 | D:3      | HP: 6/32 [orc/+2 short sword of protection (4)]
  2235 | D:3      | HP: 2/32 [orc/+2 short sword of protection (7)]
  2235 | D:3      | Slain by an orc

Illustrated notes

Levels and vault maps discovered:
D:1:      dpeg_arrival_three_smaller_balls, layout_basic
D:2:      layout_loops_ring, basic_altar
D:3:      layout_rooms, kennysheep_slug_shrine

Skill      XL: |  1  2  3  4 |
---------------+-------------+-----
Spellcasting   | 5 |  5.1
Invocations    | 1 |  1.3
Fighting       | 1 |  1.2
Short Blades   | 1 |  1.2
Long Blades    | 1 |  1.2
Axes           | 1 |  1.2
Maces & Flails | 1 |  1.2
Polearms       | 1 |  1.2
Staves         | 1 |  1.2
Slings         | 1 |  1.2
Bows           | 1 |  1.2
Crossbows      | 1 |  1.2
Throwing       | 1 |  1.2
Armour         | 1 |  1.2
Shields        | 1 |  1.2
Unarmed Combat | 1 |  1.2
Evocations     | 1 |  1.2
Conjurations   | 1 |  1.0
Hexes          | 1 |  1.0
Summonings     | 1 |  1.0
Translocations | 1 |  1.0
Transmutations | 1 |  1.0
Fire Magic     | 1 |  1.0
Ice Magic      | 1 |  1.0
Air Magic      | 1 |  1.0
Earth Magic    | 1 |  1.0
Poison Magic   | 1 |  1.0
Dodging        | |  4.6
Stealth        | |  4.3
Necromancy     | |  7.1

Action                   |  1- 3 |  4- 6 || total
-------------------------+-------+-------++-------
Melee: Dagger            |     8 |       ||     8
       Bite              |     2 |     2 ||     4
       Staff             |       |     4 ||     4
 Fire: Hunting sling     |     2 |       ||     2
 Cast: Necrotize         |    60 |    18 ||    78
       Animate Dead      |       |     2 ||     2
       Vampiric Draining |       |     1 ||     1
  Use: Scroll            |       |     2 ||     2
Armor: Robe              |     2 |     5 ||     7
Dodge: Dodged            |     7 |    13 ||    20

Table legend: (Time is in decaauts)
 A = Elapsed time spent in this place.
 B = Non-inter-level travel time spent in this place.
 C = Inter-level travel time spent in this place.
 D = Time resting spent in this place.
 E = Time spent auto-exploring this place.
 F = Levels seen in this place.
 G = Mean time per level.
                   A        B        C        D        E       F      G
               +--------+--------+--------+--------+--------+-----+--------+
         Total |   2233 |   2181 |     52 |    351 |   1362 |   3 |  744.3 |
       Dungeon |   2233 |   2181 |     52 |    351 |   1362 |   3 |  744.3 |
               +--------+--------+--------+--------+--------+-----+--------+

Top non-repeatable levels by time:
     D:1: 1062 daAuts
     D:2: 949 daAuts
     D:3: 222 daAuts
